 Dungeon Crawl Stone Soup version 0.25.0-11-g1f837a76a1 (webtiles) character file.

Game seed: 3217115510843691895

12490 xccam the Thaumaturge (level 11, -10/84 HPs)
             Began as a Gnoll Wanderer on June 25, 2020.
             Was an Elder of Cheibriados.
             Mangled by a death knight
             ... wielding a +0 halberd
              (20 damage)
             ... on level 11 of the Dungeon.
             The game lasted 00:27:48 (10302 turns).

xccam the Thaumaturge (Gnoll Wanderer)             Turns: 10302, Time: 00:27:48

Health: -10/84     AC: 16    Str: 24    XL:     11   Next: 94%
Magic:  23/23      EV: 15    Int: 36    God:    Cheibriados [****..]
Gold:   533        SH:  7    Dex: 22    Spells: 17/26 levels left

rFire    . . .     SeeInvis .   Q - +5 trident of Righteous Fury {flame, Str+2}
rCold    . . .     Gourm    .   o - +0 buckler
rNeg     . . .     Faith    .   v - +0 scale mail {rPois}
rPois    +         Spirit   .   x - +2 helmet
rElec    .         Reflect  .   l - +1 cloak
rCorr    .         Harm     .   w - +0 pair of gloves
MR       .....                  E - +0 pair of boots
Stlth    ++........             b - amulet of regeneration
HPRegen  0.64/turn              t - ring of wizardry
MPRegen  0.18/turn              I - +6 ring of intelligence

@: vulnerable, very slow
A: distributed training, fangs 1, strong nose
a: Bend Time, Temporal Distortion, Slouch, Renounce Religion


You were on level 11 of the Dungeon.
You worshipped Cheibriados.
Cheibriados was greatly pleased with you.
You were not hungry.

You visited 2 branches of the dungeon, and saw 14 of its levels.

You collected 533 gold pieces.

Inventory:

Hand Weapons
 h - a +3 flail
 G - a +0 war axe
 Q - the +5 trident of Righteous Fury (weapon) {flame, Str+2}
   (You found it on level 9 of the Dungeon)

   It has been specially enchanted to burn those struck by it, causing extra
   injury to most foes and up to half again as much damage against particularly
   susceptible opponents.
   It affects your strength (+2).
Missiles
 a - 202 stones (quivered)
Armour
 i - a +0 kite shield
 l - a +1 cloak (worn)
 o - a +0 buckler (worn)
 v - a +0 scale mail of poison resistance (worn)
 w - a +0 pair of gloves (worn)
 x - a +2 helmet (worn)
 B - +0 acid dragon scales
 E - a +0 pair of boots (worn)
 R - the +0 chain mail of the Albatross {+Blink rF+}
   (You found it on level 10 of the Dungeon)

   It protects you from fire.
   It lets you blink.
Jewellery
 b - an amulet of regeneration (around neck)
 t - a ring of wizardry (left hand)
 I - a +6 ring of intelligence (right hand)
 K - an uncursed ring of protection from magic
 S - an uncursed ring of flight
Wands
 k - a wand of paralysis (11)
 m - a wand of iceblast (7)
 p - a wand of random effects (27)
 q - a wand of digging (9)
 A - a wand of acid (1)
Scrolls
 c - a scroll of enchant weapon
 e - 12 scrolls of teleportation
 g - 4 scrolls of remove curse
 r - 10 scrolls of identify
 u - a scroll of amnesia {unknown}
 y - a scroll of fear
 C - 3 scrolls of magic mapping
 J - 2 scrolls of enchant armour
 L - a scroll of brand weapon {unknown}
 O - a scroll of blinking {unknown}
 P - a scroll of vulnerability {unknown}
Potions
 d - 2 potions of ambrosia {unknown}
 j - a potion of stabbing
 n - a potion of invisibility {unknown}
 s - 4 potions of curing {unknown}
 z - 2 potions of mutation
 D - a potion of flight {unknown}
 F - a potion of degeneration {unknown}
 H - a potion of heal wounds
 M - a potion of resistance
 T - 2 potions of might {unknown}
Comestibles
 f - 24 rations
 N - 16 chunks of flesh


   Skills:
 + Level 7.2 Fighting
 + Level 6.6 Short Blades
 + Level 6.6 Long Blades
 + Level 6.6 Axes
 + Level 6.6 Maces & Flails
 + Level 6.6 Polearms
 + Level 6.6 Staves
 + Level 6.6 Slings
 + Level 6.6 Bows
 + Level 6.6 Crossbows
 + Level 8.1 Throwing
 + Level 6.6 Armour
 + Level 6.6 Dodging
 + Level 6.6 Stealth
 + Level 6.6 Shields
 + Level 8.1 Unarmed Combat
 + Level 8.4 Spellcasting
 + Level 5.5 Conjurations
 + Level 5.5 Hexes
 + Level 5.5 Charms
 + Level 5.5 Summonings
 + Level 6.0 Necromancy
 + Level 5.5 Translocations
 + Level 5.5 Transmutations
 + Level 5.5 Fire Magic
 + Level 5.5 Ice Magic
 + Level 5.5 Air Magic
 + Level 6.8 Earth Magic
 + Level 5.5 Poison Magic
 + Level 7.3 Invocations
 + Level 6.6 Evocations


You had 17 spell levels left.
You knew the following spells:

 Your Spells              Type           Power        Failure   Level  Hunger
a - Sandblast             Erth           ######       1%          1    None
b - Pain                  Necr           ####         1%          1    None
c - Stone Arrow           Conj/Erth      ######       1%          3    None
d - Animate Dead          Necr           N/A          1%          4    None

Your spell library contained the following spells:

 Spells                   Type           Power        Failure   Level  Hunger
 Animate Skeleton         Necr           N/A          1%          1    None
 Magic Dart               Conj           ####         1%          1    None
 Searing Ray              Conj           ######       1%          2    None
 Dazzling Flash           Conj/Hex       ######       1%          3    None
 Vampiric Draining        Necr           ######....   1%          3    None
 Fulminant Prism          Conj/Hex       ######....   2%          4    None
 Iskenderun's Mystic Bla  Conj/Tloc      ######..     2%          4    None
 Agony                    Necr           ######..     6%          5    ###....


Dungeon Overview and Level Annotations

Branches:
Dungeon (13/15)            Temple (1/1) D:7            Lair (0/6) D:11
    Orc: D:9-12      Vaults: D:13-14

Altars:
Ashenzari
Cheibriados
Dithmenos
Elyvilon
Fedhas
Gozag
Hepliaklqana
Kikubaaqudgha
Makhleb
Nemelex Xobeh
Okawaru
Qazlal
Ru
Sif Muna
Trog
Uskayaw
Vehumet
Wu Jian
Xom
Yredelemnul
Zin
The Shining One

Shops:
D:6 %   D:11 }

Annotations:
D:12 Urug


Innate Abilities, Weirdness & Mutations

Your experience applies equally to all skills.
You have very sharp teeth.
Your uncanny sense of smell can sniff out nearby items.


Message History

The death knight offers itself to Yredelemnul, and fills with unholy energy.
A wraith opens the door.
The phantasmal warrior blinks!
A phantasmal warrior comes into view.
There is an open door here.
You hear the beating of a distant drum.
The phantasmal warrior blinks! x3; The death knight completely misses you.
The phantasmal warrior blinks!
The phantasmal warrior hits you!! x2
* * * LOW HITPOINT WARNING * * *
You closely miss the phantasmal warrior.
You block the phantasmal warrior's attack.
The death knight hits you from afar with a +0 halberd!
* * * LOW HITPOINT WARNING * * *
The phantasmal warrior closely misses you.
You hit the phantasmal warrior but do no damage.
You bite the phantasmal warrior, but do no damage.
The phantasmal warrior hits you.
* * * LOW HITPOINT WARNING * * *
The death knight hits you from afar with a +0 halberd!!
You die...

#...,+.....#,,,,,,,,,,,
#..,,#.....#,,,,,,,,,,,
*,∆,,#.....#,,,,,,,,,,,
*,,,,#.....#,,,,,,,,,,,
*,,###'###.#∆,,,,,,,,,,
*,,#.....#.#,,,,,,,,,,,
*,,#.♣.♣.#*#,,,,**,**,,
*+*#.WW..#**,,,,*****,,
*,,#§♣@♣.#*,,,,,,,,,,,,
*,,#.....#*,,,,,,,,,,,,
*,,###p####,,,,,,,,,,,,
*,,,,#W#..#**,,,*******
*****#§..(#**,,,**,^,,,
#......'..l...,,,*,,,,,
#......#......,,,*,,,,,
#......#......,,,*,,,,,
#.....##...##.,,***,,,*


You could see a death knight (reflects damage), 2 phantasmal warriors and a
wraith.

Vanquished Creatures
  A centaur warrior (D:13)
  An unseen horror (D:13)
  A cyclops (D:13)
  3 centaur zombies (D:9)
  Maggie (D:6)
  A kobold demonologist (D:12)
  2 hellwings (D:9)
  A harpy zombie (D:9)
  2 trolls
  A hippogriff (D:9)
  A shadow (D:13)
  A human (D:8)
  9 yaks
  4 hogs (D:8)
  A water moccasin (D:9)
  Duvessa (D:6)
  3 orc warriors
  A hornet zombie (D:9)
  A swamp drake (D:13)
  A sky beast (D:5)
  2 ice beasts
  4 ogres
  A black bear (D:6)
  3 phantoms
  2 necrophages
  13 centaurs
  A big kobold (D:8)
  6 bullfrogs
  A gnoll sergeant (D:5)
  Dowan (D:6)
  A water moccasin zombie (D:7)
  A wyvern zombie (D:12)
  3 scorpions
  8 killer bees
  6 wights
  2 howler monkeys
  5 crimson imps
  A quasit (D:8)
  7 orc priests
  9 hounds
  5 jellies
  3 bullfrog zombies
  A bullfrog skeleton (D:8)
  4 iguanas
  Ijyb (D:3)
  6 orc wizards
  3 worker ants
  2 hound zombies
  2 hound skeletons
  A howler monkey zombie (D:8)
  Robin (D:3)
  6 gnolls
  10 adders
  A river rat (D:13)
  7 shadow imps
  2 adder skeletons (D:5)
  An adder zombie (D:7)
  3 worms
  5 dart slugs
  8 leopard geckos
  40 orcs
  A ball python (D:7)
  5 giant cockroaches
  12 goblins
  8 hobgoblins
  7 jackals
  5 quokkas
  7 bats
  5 frilled lizards
  A jackal zombie (D:6)
  12 kobolds
  A leopard gecko skeleton (D:7)
  8 rats
298 creatures vanquished.

Vanquished Creatures (others)
  A wizard (D:3)
1 creature vanquished.

Grand Total: 299 creatures vanquished

Notes
Turn   | Place    | Note
-------+----------+-------------------------------------------
     0 | D:1      | xccam the Gnoll Wanderer began the quest for the Orb.
     0 | D:1      | xccam set off with the following items: a +0 club, a potion
                  | of lignification, a +0 robe, a ration; and the following
                  | spells available to memorise: Sandblast, Animate Skeleton,
                  | Pain, Stone Arrow, Vampiric Draining, Animate Dead, Agony
     0 | D:1      | Reached XP level 1. HP: 17/17 MP: 6/6
     2 | D:1      | Learned a level 1 spell: Sandblast
     4 | D:1      | Learned a level 1 spell: Pain
   313 | D:1      | Reached XP level 2. HP: 17/23 MP: 0/7
  1356 | D:2      | Reached XP level 3. HP: 24/28 MP: 2/9
  1431 | D:2      | Reached skill level 5 in Spellcasting
  1948 | D:2      | Reached skill level 1 in Invocations
  2049 | D:2      | Found a bloodstained altar of Trog.
  2050 | D:2      | Found a blossoming altar of Fedhas.
  2186 | D:2      | Found a basalt altar of Yredelemnul.
  2403 | D:3      | Reached skill level 1 in Short Blades
  2403 | D:3      | Reached skill level 1 in Long Blades
  2403 | D:3      | Reached skill level 1 in Axes
  2403 | D:3      | Reached skill level 1 in Maces & Flails
  2403 | D:3      | Reached skill level 1 in Polearms
  2403 | D:3      | Reached skill level 1 in Staves
  2403 | D:3      | Reached skill level 1 in Slings
  2403 | D:3      | Reached skill level 1 in Bows
  2403 | D:3      | Reached skill level 1 in Crossbows
  2403 | D:3      | Reached skill level 1 in Armour
  2403 | D:3      | Reached skill level 1 in Dodging
  2403 | D:3      | Reached skill level 1 in Stealth
  2403 | D:3      | Reached skill level 1 in Shields
  2403 | D:3      | Reached skill level 1 in Evocations
  2403 | D:3      | Reached XP level 4. HP: 30/34 MP: 9/11
  2450 | D:3      | Reached skill level 1 in Conjurations
  2450 | D:3      | Reached skill level 1 in Hexes
  2450 | D:3      | Reached skill level 1 in Charms
  2450 | D:3      | Reached skill level 1 in Summonings
  2450 | D:3      | Reached skill level 1 in Translocations
  2450 | D:3      | Reached skill level 1 in Transmutations
  2450 | D:3      | Reached skill level 1 in Fire Magic
  2450 | D:3      | Reached skill level 1 in Ice Magic
  2450 | D:3      | Reached skill level 1 in Air Magic
  2450 | D:3      | Reached skill level 1 in Poison Magic
  2749 | D:3      | Found a bloodstained altar of Trog.
  2751 | D:3      | Noticed a wizard
  2756 | D:3      | Killed a wizard
  2778 | D:3      | Reached XP level 5. HP: 38/40 MP: 8/12
  2968 | D:3      | Noticed Robin
  2982 | D:3      | Killed Robin
  3305 | D:3      | Noticed Ijyb
  3314 | D:3      | Killed Ijyb
  3492 | D:4      | Reached XP level 6. HP: 47/47 MP: 13/13
  3757 | D:4      | Reached skill level 5 in Throwing
  3757 | D:4      | Reached skill level 5 in Unarmed Combat
  4406 | D:5      | Entered Level 5 of the Dungeon
  4424 | D:5      | Noticed a sky beast
  4430 | D:5      | Reached XP level 7. HP: 52/52 MP: 15/15
  4949 | D:5      | Reached XP level 8. HP: 59/60 MP: 16/16
  5203 | D:6      | Noticed Duvessa
  5215 | D:6      | Noticed Dowan
  5216 | D:6      | Killed Duvessa
  5239 | D:6      | Killed Dowan
  5461 | D:6      | Found a blossoming altar of Fedhas.
  5521 | D:6      | Noticed Maggie
  5546 | D:6      | Killed Maggie
  5686 | D:6      | Reached XP level 9. HP: 66/66 MP: 18/18
  5704 | D:6      | Reached skill level 5 in Earth Magic
  5752 | D:6      | Found Jokutogh's Food Shoppe.
  6122 | D:7      | Found a glowing golden altar of the Shining One.
  6673 | D:7      | Reached skill level 5 in Fighting
  6773 | D:7      | Found a staircase to the Ecumenical Temple.
  6798 | Temple   | Entered the Ecumenical Temple
  6929 | Temple   | Became a worshipper of Cheibriados the Contemplative
  7335 | D:8      | Reached * piety under Cheibriados
  7345 | D:8      | Reached skill level 5 in Invocations
  7799 | D:8      | Reached XP level 10. HP: 65/74 MP: 17/20
  7976 | D:8      | Reached skill level 5 in Short Blades
  7976 | D:8      | Reached skill level 5 in Long Blades
  7976 | D:8      | Reached skill level 5 in Axes
  7976 | D:8      | Reached skill level 5 in Maces & Flails
  7976 | D:8      | Reached skill level 5 in Polearms
  7976 | D:8      | Reached skill level 5 in Staves
  7976 | D:8      | Reached skill level 5 in Slings
  7976 | D:8      | Reached skill level 5 in Bows
  7976 | D:8      | Reached skill level 5 in Crossbows
  7976 | D:8      | Reached skill level 5 in Armour
  7976 | D:8      | Reached skill level 5 in Dodging
  7976 | D:8      | Reached skill level 5 in Stealth
  7976 | D:8      | Reached skill level 5 in Shields
  7976 | D:8      | Reached skill level 5 in Evocations
  8341 | D:9      | Reached ** piety under Cheibriados
  8649 | D:9      | Reached skill level 5 in Necromancy
  8900 | D:9      | Reached *** piety under Cheibriados
  8905 | D:9      | Reached XP level 11. HP: 33/82 MP: 19/22
  9196 | D:9      | Learned a level 3 spell: Stone Arrow
  9201 | D:9      | Learned a level 4 spell: Animate Dead
  9550 | D:9      | Got a blackened trident
  9551 | D:9      | Identified the +5 trident of Righteous Fury {flame, Str+2}
                  | (You found it on level 9 of the Dungeon)
  9560 | D:10     | Entered Level 10 of the Dungeon
  9586 | D:10     | Got a jewelled chain mail
  9597 | D:10     | Identified the +0 chain mail of the Albatross {+Blink rF+}
                  | (You found it on level 10 of the Dungeon)
  9668 | D:10     | Reached skill level 5 in Conjurations
  9668 | D:10     | Reached skill level 5 in Hexes
  9668 | D:10     | Reached skill level 5 in Charms
  9668 | D:10     | Reached skill level 5 in Summonings
  9668 | D:10     | Reached skill level 5 in Translocations
  9668 | D:10     | Reached skill level 5 in Transmutations
  9668 | D:10     | Reached skill level 5 in Fire Magic
  9668 | D:10     | Reached skill level 5 in Ice Magic
  9668 | D:10     | Reached skill level 5 in Air Magic
  9668 | D:10     | Reached skill level 5 in Poison Magic
  9823 | D:10     | You fall into a shaft and drop 3 floors!
  9824 | D:13     | Noticed a centaur warrior
  9841 | D:13     | Killed a centaur warrior
  9952 | D:13     | Noticed a white ugly thing
  9982 | D:13     | Reached **** piety under Cheibriados
 10029 | D:13     | Noticed a cyclops
 10042 | D:13     | Killed a cyclops
 10183 | D:13     | Killed an unseen horror
 10263 | D:12     | Noticed Urug
 10283 | D:11     | Found Ahuyge's Gadget Shop.
 10292 | D:11     | Noticed a phantasmal warrior
 10295 | D:11     | Noticed a death knight
 10298 | D:11     | Noticed a phantasmal warrior
 10302 | D:11     | Mangled by a death knight

Illustrated notes

Levels and vault maps discovered:
D:1:      denvon_arrival_hothouse, layout_basic
D:2:      layout_basic, nicolae_overflow_hidden_temple,
          gammafunk_temple_overflow_statue, first_ration, serial_bayou,
          serial_bayou_lake_a, serial_bayou_pond_c, serial_bayou_pond_b,
          serial_bayou_lagoon_b
D:3:      layout_basic, trog_wizard, uniq_robin, uniq_ijyb
D:4:      layout_basic, portal_sewer_entry_d, chequers_big_river,
          grunt_ministairs_7, minmay_misc_feat_roman
D:5:      layout_loops_ring
D:6:      layout_basic, serial_shops, shop, serial_glass, glass_columns_a,
          glass_columns_b, glass_columns_b, glass_columns_c, glass_columns_b,
          glass_columns_b, glass_columns_c, glass_columns_b, glass_columns_a,
          glass_columns_c, glass_columns_b, glass_columns_a, glass_columns_a,
          glass_columns_a, grunt_ministairs_13, fedhas_altar_3, uniq_duvessa,
          uniq_maggie
D:7:      layout_basic, lemuel_crystal_altar, temple_fountains
D:8:      layout_loops_ring, grunt_livestock, kennysheep_another_room
D:9:      cheibrodos_grave_circle, layout_gridville
D:10:     layout_stronghold, orc_0_dummy
D:11:     layout_gridville, lair_entry_dummy, serial_shops, shop,
          shop_fountains, kennysheep_little_box, gauntlet_entry_generic
D:12:     layout_cross, uniq_urug
D:13:     layout_roguey [special_room_orc], pond
Temple:   dpeg_five_rooms_temple

Skill      XL: |  1  2  3  4  5  6  7  8  9 10 11 |
---------------+----------------------------------+-----
Necromancy     | 2 3 4 5 6 |  6.0
Spellcasting   | 5 6 7 8 |  8.4
Invocations    | 1 2 3 4 5 6 7 |  7.3
Short Blades   | 1 2 3 4 5 6 |  6.6
Long Blades    | 1 2 3 4 5 6 |  6.6
Axes           | 1 2 3 4 5 6 |  6.6
Maces & Flails | 1 2 3 4 5 6 |  6.6
Polearms       | 1 2 3 4 5 6 |  6.6
Staves         | 1 2 3 4 5 6 |  6.6
Slings         | 1 2 3 4 5 6 |  6.6
Bows           | 1 2 3 4 5 6 |  6.6
Crossbows      | 1 2 3 4 5 6 |  6.6
Armour         | 1 2 3 4 5 6 |  6.6
Dodging        | 1 2 3 4 5 6 |  6.6
Stealth        | 1 2 3 4 5 6 |  6.6
Shields        | 1 2 3 4 5 6 |  6.6
Evocations     | 1 2 3 4 5 6 |  6.6
Conjurations   | 1 2 3 4 5 |  5.5
Hexes          | 1 2 3 4 5 |  5.5
Charms         | 1 2 3 4 5 |  5.5
Summonings     | 1 2 3 4 5 |  5.5
Translocations | 1 2 3 4 5 |  5.5
Transmutations | 1 2 3 4 5 |  5.5
Fire Magic     | 1 2 3 4 5 |  5.5
Ice Magic      | 1 2 3 4 5 |  5.5
Air Magic      | 1 2 3 4 5 |  5.5
Poison Magic   | 1 2 3 4 5 |  5.5
Fighting       | 3 4 5 6 7 |  7.2
Earth Magic    | 4 5 6 |  6.8
Throwing       | 5 6 7 8 |  8.1
Unarmed Combat | 5 6 7 8 |  8.1

Action                   |  1- 3 |  4- 6 |  7- 9 | 10-12 || total
-------------------------+-------+-------+-------+-------++-------
Melee: Unarmed           |    90 |    35 |       |       ||   125
       Bite              |     8 |     9 |    38 |    50 ||   105
       Punch             |     2 |       |       |       ||     2
       Club              |       |    58 |   377 |       ||   435
       Flail             |       |       |    90 |   249 ||   339
       Trident           |       |       |       |   106 ||   106
 Cast: Pain              |    31 |    20 |     9 |     7 ||    67
       Sandblast         |     6 |    26 |    32 |    58 ||   122
Invok: Slouch            |       |       |       |     2 ||     2
       Bend Time         |       |       |       |     1 ||     1
Evoke: Wand              |       |       |     4 |     6 ||    10
  Use: Potion            |       |     3 |     2 |     1 ||     6
       Scroll            |       |     8 |     1 |     2 ||    11
 Stab: Sleeping          |     3 |     1 |       |     2 ||     6
       Paralysed         |       |       |    12 |       ||    12
       Confused          |       |       |       |     1 ||     1
  Eat: Chunk             |     4 |     6 |    12 |     5 ||    27
Armor: Robe              |    19 |     6 |       |       ||    25
       Scale mail        |       |    47 |   215 |   220 ||   482
       Skin              |       |     3 |    15 |       ||    18
Dodge: Dodged            |    57 |    72 |   221 |   300 ||   650
Block: Buckler           |       |    14 |   111 |   133 ||   258
